 Dungeon Crawl Stone Soup version 0.19-a0-475-gfca3800 (webtiles) character file.

67 epen the Charmwright (level 4, 0/34 HPs)
             Began as a Merfolk Skald on June 4, 2016.
             Succumbed to an adder's poison
             ... on level 2 of the Dungeon.
             The game lasted 00:03:13 (1771 turns).

epen the Charmwright (Merfolk Skald)                Turns: 1771, Time: 00:03:14

Health: 0/34       AC:  3    Str: 12    XL:     4   Next: 18%
Magic:  7/7        EV: 15    Int: 12    God:
Gold:   107        SH:  0    Dex: 13    Spells: 2 memorised, 4 levels left

rFire  . . .     SeeInvis .     a - +0 spear
rCold  . . .     Gourm    .     b - +0 leather armour
rNeg   . . .     Faith    .     (no shield)
rPois  .         Spirit   .     (no helmet)
rElec  .         Dismiss  .     (no cloak)
rCorr  .         Reflect  .     (no gloves)
SustAt .         Harm     .     (no boots)
MR     .....                    (no amulet)
Stlth  +.........               (no ring)
                                m - +3 ring of evasion

@: lethally poisoned (0 -> -3), flying, very slightly contaminated, hasted, very
quick, not resistant to hostile enchantments, very unstealthy
A: change form in water, swift swim
a: no special abilities


You were on level 2 of the Dungeon.
You were not hungry.

You visited 1 branch of the dungeon, and saw 2 of its levels.

You collected 107 gold pieces.

Inventory:

Hand Weapons
 a - a +0 spear (weapon)
Missiles
 e - 2 throwing nets (quivered)
Armour
 b - a +0 leather armour (worn)
Jewellery
 m - a +3 ring of evasion (left hand)
Scrolls
 h - a scroll of fear {unknown}
 i - a scroll of identify {unknown}
 j - a scroll of fog {unknown}
 n - a scroll of recharging {unknown}
Potions
 o - a potion of haste
Books
 c - a book of Battle

   Spells                             Type                      Level
   a - Infusion                       Charms                       1
   b - Shroud of Golubria             Charms/Translocation         2
   c - Song of Slaying                Charms                       2
   d - Spectral Weapon                Hexes/Charms                 3
   e - Regeneration                   Charms/Necromancy            3
Comestibles
 d - a bread ration
 f - 2 meat rations


   Skills:
 + Level 2.5 Fighting
 + Level 3.5 Polearms
 + Level 1.1 Armour
 + Level 2.2 Dodging
 + Level 2.3 Spellcasting
 * Level 4.1 Charms


You had 4 spell levels left.
You knew the following spells:

 Your Spells              Type           Power        Failure   Level  Hunger
a - Infusion              Chrm           ##..         8%          1    ##.....
b - Song of Slaying       Chrm           ##......     12%         2    ###....


Dungeon Overview and Level Annotations

Branches:
Dungeon (2/15)

Altars:


Message History

You feel sick.
* * * LOW HITPOINT WARNING * * *
You feel sick.
* * * LOW HITPOINT WARNING * * *
You feel sick.
* * * LOW HITPOINT WARNING * * *
You feel sick.
* * * LOW HITPOINT WARNING * * *
You feel sick.
* * * LOW HITPOINT WARNING * * *
You feel sick.
* * * LOW HITPOINT WARNING * * *
You feel sick.
You are alive.
You are lethally poisoned (1 -> -2).
You are flying.
You are very lightly contaminated with residual magic.
Your actions are hasted.
Your flying speed is very quick.
Your attack speed is quite fast.
You are not resistant to hostile enchantments.
You are very unstealthy.
You die...

#...## #......######..###.##.
#.### ##.####.# ##(.......... #.#
#..# #.###..#####.##.# #.#
###.### #.##...###...##.. ##.#
#.....###.##.......######
...######..)..#....#...##........
..##......................#######
.....#######.##....########
.##### #....@..# # ####....#
#....# #...># ######


There were no monsters in sight!

Vanquished Creatures
  3 adders (D:2)
  A worm (D:2)
  A giant gecko (D:1)
  2 giant cockroaches (D:2)
  4 goblins
  7 hobgoblins
  3 jackals (D:2)
  A quokka (D:2)
  4 bats
  5 giant newts
  4 kobolds
  3 rats
38 creatures vanquished.

Notes
Turn   | Place    | Note
--------------------------------------------------------------
     0 | D:1      | epen the Merfolk Skald began the quest for the Orb.
     0 | D:1      | Reached XP level 1. HP: 16/16 MP: 3/3
   469 | D:1      | Reached XP level 2. HP: 22/22 MP: 5/5
   483 | D:1      | Learned a level 2 spell: Song of Slaying
   923 | D:2      | Reached skill level 1 in Armour
   923 | D:2      | Reached XP level 3. HP: 17/27 MP: 0/6
  1455 | D:2      | Reached skill level 4 in Charms
  1728 | D:2      | Reached XP level 4. HP: 30/34 MP: 5/7
  1762 | D:2      | HP: 1/34 [poisoned by an adder]
  1771 | D:2      | Succumbed to an adder's poison

Vault maps used:
D:1:      dpeg_arrival_more_subterranean_lakeside_camping

Skill      XL: |  1  2  3 |
---------------+----------+-----
Dodging        | 2 |  2.2
Armour         | 1 |  1.1
Charms         | 4 |  4.1
Fighting       | |  2.5
Polearms       | |  3.5
Spellcasting   | |  2.3

Action                   |  1- 3 |  4- 6 || total
-------------------------+-------+-------++-------
Melee: Spear             |   166 |     9 ||   175
 Cast: Infusion          |     3 |       ||     3
       Song of Slaying   |     4 |       ||     4
  Use: Potion            |       |     2 ||     2
 Stab: Distracted        |     1 |       ||     1
  Eat: Chunk             |     3 |       ||     3
       Royal jelly       |       |     1 ||     1
Armor: Leather armour    |    34 |     1 ||    35
Dodge: Dodged            |   101 |     5 ||   106
